 Dungeon Crawl Stone Soup version 0.22-a0-512-g0943f25 (webtiles) character file.

28 inc the Changer (level 3, 15/15 HPs)
             Began as a Felid Transmuter on June 18, 2018.
             Quit the game on level 2 of the Dungeon.
             The game lasted 00:01:28 (1271 turns).

inc the Changer (Felid Transmuter)                  Turns: 1271, Time: 00:01:29

Health: 15/15      AC:  1    Str:  6    XL:     3   Next: 0%
Magic:  7/7        EV: 18    Int: 14    God:
Gold:   63         SH:  0    Dex: 17    Spells: 5/6 levels left
                                        Lives:  0   Deaths: 1

rFire    . . .     SeeInvis +     - Unarmed
rCold    . . .     Gourm    .   (shield unavailable)
rNeg     . . .     Faith    .   (armour unavailable)
rPois    .         Spirit   .   (helmet unavailable)
rElec    .         Reflect  .   (cloak unavailable)
rCorr    .         Harm     .   (gloves unavailable)
MR       .....                  (boots unavailable)
Stlth    ++........             (no amulet)
HPRegen  0.05/turn              (no ring)
MPRegen  0.10/turn              (no ring)

@: quick
A: very small, no armour, no weapons or thrown items, stealth, claws 1, fangs 3,
see invisible, carnivore, speed 1, shaggy fur 1, slow metabolism 1, sharp paws
a: no special abilities


You were on level 2 of the Dungeon.
You were not hungry.

You visited 1 branch of the dungeon, and saw 2 of its levels.

You collected 63 gold pieces.

Inventory:

Missiles
 a - 30 arrows
Scrolls
 b - 2 scrolls of identify {unknown}
 d - a scroll of amnesia {unknown}
 e - a scroll of remove curse {unknown}
Potions
 f - a potion of flight {unknown}
Comestibles
 c - a ration


   Skills:
 - Level 1.0 Fighting
 - Level 2.6 Dodging
 - Level 3.0 Unarmed Combat
 - Level 2.0 Spellcasting
 + Level 4.8 Transmutations


You had 5 spell levels left.
You knew the following spells:

 Your Spells              Type           Power        Failure   Level  Hunger
a - Beastly Appendage     Tmut           ##....       3%          1    ##.....

Your spell library contained the following spells:

 Spells                   Type           Power        Failure   Level  Hunger
 Spider Form              Tmut/Pois      #.........   26%         3    ####...
 Blade Hands              Tmut           ##........   67%         5    ######.
 Ice Form                 Ice/Tmut       #.......     65%         4    #####..
 Sticks to Snakes         Tmut           ##......     4%          2    ###....


Dungeon Overview and Level Annotations

Branches:
Dungeon (2/15)

Altars:
Okawaru


Innate Abilities, Weirdness & Mutations

You cannot wear armour.
You are incapable of wielding weapons or throwing items.
Your paws allow you to move quietly. (Stealth)
You have sharp claws.
You have razor-sharp teeth.
You have supernaturally acute eyesight. (SInv)
You are carnivorous and can eat meat at any time.
You cover ground quickly.
You are covered in fur. (AC +1)
You have a slow metabolism.
Your sharp claws are effective at attacking unaware monsters.


Message History

You scratch the gnoll but do no damage.
The gnoll hits you with a whip of freezing.
The gnoll freezes you.
You scratch the gnoll.
The gnoll is heavily wounded.
The gnoll misses you.
You scratch the gnoll.
You headbutt the gnoll, but do no damage.
The gnoll is severely wounded.
The gnoll hits you with a whip of freezing!
* * * LOW HITPOINT WARNING * * *
The gnoll freezes you.
You die...
Your shape twists and changes as you die.
You are now level 3!
Your horns disappear.
You rejoin the land of the living...
Found 15 sling bullets, 2 scrolls labeled DAGOCS JAJYI and a robe.
Unknown command.
Are you sure you want to abandon this character and quit the game? (Confirm with "yes".)

#.##########
#...@..(....
...?...........
............[?.
..############.
.


There were no monsters in sight!

Vanquished Creatures
  A worker ant (D:2)
  An adder (D:2)
  3 dart slugs (D:1)
  2 leopard geckos (D:1)
  A giant cockroach (D:2)
  5 goblins
  2 hobgoblins (D:1)
  3 kobolds
  4 bats (D:1)
  3 frilled lizards
  2 rats
27 creatures vanquished.

Notes
Turn   | Place    | Note
-------+----------+-------------------------------------------
     0 | D:1      | inc the Felid Transmuter began the quest for the Orb.
     0 | D:1      | Reached XP level 1. HP: 9/9 MP: 4/4
     6 | D:1      | Found an iron altar of Okawaru.
   278 | D:1      | Reached skill level 3 in Transmutations
   327 | D:1      | Reached XP level 2. HP: 12/12 MP: 4/6
   784 | D:1      | Reached XP level 3. HP: 7/15 MP: 7/7
  1074 | D:2      | Reached skill level 4 in Transmutations
  1251 | D:2      | Reached XP level 4. HP: 15/19 MP: 8/8
  1270 | D:2      | Slain by a gnoll
  1271 | D:2      | Reached XP level 3. HP: -1/15 MP: 7/7
  1271 | D:2      | Quit the game

Vault maps used:
D:1:      sevenhm_arrival_forest_fort_small_6
D:2:      chequers_ecumenical_altar_island

Skill      XL: |  1  2  3 |
---------------+----------+-----
Transmutations | 3 4 |  4.8
Fighting       | |  1.0
Dodging        | |  2.6
Unarmed Combat | |  3.0
Spellcasting   | |  2.0

Action                   |  1- 3 |  4- 6 || total
-------------------------+-------+-------++-------
Melee: Unarmed           |    97 |     3 ||   100
       Headbutt          |     5 |     1 ||     6
       Bite              |    10 |       ||    10
 Cast: Beastly Appendage |     6 |     1 ||     7
 Stab: Sleeping          |     3 |       ||     3
  Eat: Chunk             |     5 |       ||     5
Armor: Skin              |     7 |       ||     7
Dodge: Dodged            |    73 |     1 ||    74

Table legend:
 A = Spawn XP
 B = Non-spawn XP
 C = Spawn XP percentage of total XP
 D = Spawn monster count
 E = Non-spawn monster count
 F = Spawn count percentage of total count
 G = Total turns spent on level
                    A         B        C        D         E        F      G
               +---------+---------+-------+---------+---------+-------+---------
         Total |       0 |      97 |   0.0 |       0 |      27 |   0.0 |  1271
               +---------+---------+-------+---------+---------+-------+---------
           D:1 |       0 |      41 |   0.0 |       0 |      20 |   0.0 |  1065
           D:2 |       0 |      56 |   0.0 |       0 |       7 |   0.0 |   206
               +---------+---------+-------+---------+---------+-------+---------
